 Dungeon Crawl Stone Soup version 0.20-a0-1101-g1de9d76 (webtiles) character file.

4421 grindst0ne the Fighter (level 10, -8/97 HPs)
             Began as a Grey Draconian Berserker on May 4, 2017.
             Was an Elder of Trog.
             Mangled by a two-headed ogre
             ... wielding a +0 dire flail
              (13 damage)
             ... on level 8 of the Dungeon.
             The game lasted 00:24:09 (8699 turns).

grindst0ne the Fighter (Grey Draconian Berserker)   Turns: 8699, Time: 00:24:10

Health: -8/97      AC: 12    Str: 19 (20) XL:     10   Next: 14%
Magic:  10/10      EV: 12    Int:  6 (7)  God:    Trog [****..]
Gold:   275        SH:  8    Dex: 17      Spells: 9/9 levels left

rFire    . . .     SeeInvis +   l - +7 club
rCold    . . .     Gourm    .   e - +1 buckler
rNeg     . . .     Faith    .   (armour unavailable)
rPois    .         Spirit   .   (helmet restricted)
rElec    .         Reflect  +   C - scarf {cloud immunity}
rCorr    .         Harm     .   (no gloves)
MR       .....     Clarity  +   (no boots)
Stlth    ++........             A - +3 amulet of reflection
Regen    0.3/turn               n - ring of see invisible
MPRegen  0.2/turn               t - +3 ring of dexterity

@: about to teleport
A: walk through water, unfitting armour, talons 1, blink, clarity, deterioration
1, wild magic 1, unbreathing, cold-blooded, AC +12
a: Blink, Berserk, Trog's Hand, Brothers in Arms, Burn Spellbooks, Renounce
Religion


You were on level 8 of the Dungeon.
You worshipped Trog.
Trog was greatly pleased with you.
You were not hungry.

You visited 1 branch of the dungeon, and saw 8 of its levels.

You collected 515 gold pieces.
You spent 240 gold pieces at shops.

Inventory:

Hand Weapons
 a - a +0 falchion
 c - a cursed -1 flail
 l - a +7 club (weapon)
 p - a +0 rapier
Missiles
 o - 7 javelins (quivered)
Armour
 e - a +1 buckler (worn)
 B - a +0 cloak
 C - a scarf of cloud immunity (worn)
Jewellery
 n - a ring of see invisible (left hand)
 t - a +3 ring of dexterity (right hand)
 A - a +3 amulet of reflection (around neck)
Wands
 f - a wand of paralysis (17/24)
 m - a wand of acid (1/15)
 v - a wand of polymorph (11/24)
 w - a wand of flame (21/48)
 D - a wand of disintegration (18/24)
Scrolls
 g - 2 scrolls of amnesia
 i - 2 scrolls of remove curse
 j - a scroll of fog
 s - 3 scrolls of enchant armour
 x - 2 scrolls of identify
 z - a scroll of recharging
 E - a scroll of enchant weapon
 F - a scroll of magic mapping
Potions
 k - 3 potions of curing
 r - a potion of brilliance
Books
 y - a book of Maledictions

   Spells                             Type                      Level
   a - Corona                         Hexes                        1
   b - Ensorcelled Hibernation        Hexes/Ice                    2
   c - Confuse                        Hexes                        3
   d - Tukima's Dance                 Hexes                        3
   e - Dazzling Spray                 Conjuration/Hexes            3
   Trog disapproves of the use of such an item.
Comestibles
 b - 2 bread rations
 d - 2 fruits
 h - 2 royal jellies
 q - a meat ration


   Skills:
 + Level 11.6 Fighting
 + Level 10.9 Long Blades
 - Level 2.6 Dodging


You had 9 spell levels left.
You didn't know any spells.

Dungeon Overview and Level Annotations

Branches:
Dungeon (8/15)             Temple (0/1) D:5
   Lair: D:8-11

Altars:
Trog
Yredelemnul
Zin
The Shining One

Shops:
D:5 !


Innate Abilities, Weirdness & Mutations

You can walk through water.
Your dull iron-grey scales are very hard. (AC +12)
You cannot fit into any form of body armour.
You can survive without breathing.
You are cold-blooded and may be slowed by cold attacks.
You have sharp toenails.
You can translocate small distances at will.
You possess an exceptional clarity of mind.
Your body sometimes deteriorates upon taking damage.
Your spells are a little harder to cast, but a little more powerful.


Message History

The orc priest calls down the wrath of Beogh upon you.
Beogh smites you! You block the two-headed ogre's attack.
The two-headed ogre hits you with a dire flail!
* * * LOW HITPOINT WARNING * * *
You hit the two-headed ogre.
The two-headed ogre is lightly wounded.
You block the orc priest's attack. You block the two-headed ogre's attack.
The two-headed ogre hits you with a dire flail.
* * * LOW HITPOINT WARNING * * *
You sock the two-headed ogre!
You claw the two-headed ogre, but do no damage.
The two-headed ogre is moderately wounded.
The orc priest invokes the aid of Beogh against you.
Beogh smites you!
* * * LOW HITPOINT WARNING * * *
You block the two-headed ogre's attack. x2; You block the orc priest's attack.
As you read the scroll of teleportation, it crumbles to dust.
You feel strangely unstable. You block the two-headed ogre's attack.
The two-headed ogre hits you with a dire flail!
You die...

##...#.#
###.#.#
#.###.#
########.#.#
#.# #.#
#........#.#
#.# #.#
#.########.#
#(# #.# #.#
#<# #.# #.#
#.###.# .#.
#....)# # #
#####@#
#Oo......
#o#######
#.# #.# ..#
#.# #.#


You could see a two-headed ogre, an orc priest and an orc.

Vanquished Creatures
  The ghost of grindst0ne the Fighter, a novice GrGl of Wu Jian (D:7)
  The ghost of oki the Basher, a novice OpMo of Yredelemnul (D:6)
  The ghost of oki the Spear-Bearer, a novice OpMo (D:4)
  A troll (D:7)
  Grinder (D:4)
  Prince Ribbit (D:6)
  2 hippogriffs (D:7)
  Duvessa (D:4)
  An orc warrior (D:6)
  2 black bears (D:7)
  An ogre (D:8)
  A phantom (D:6)
  3 centaurs
  2 bullfrogs
  Blork the orc (D:5)
  Dowan (D:4)
  3 scorpions
  4 wights (D:7)
  A crimson imp (D:7)
  A centaur zombie (D:8)
  A bullfrog zombie (D:7)
  3 orc priests (D:5)
  A gnoll shaman (D:6)
  2 hounds
  An iguana (D:4)
  Ijyb (D:5)
  5 orc wizards
  3 worker ants
  2 killer bee zombies (D:6)
  A hound skeleton (D:4)
  A worker ant zombie (D:5)
  4 gnolls (D:6)
  8 adders
  2 shadow imps
  2 oozes
  An adder zombie (D:7)
  4 worms
  12 dart slugs
  3 leopard geckos
  13 orcs
  4 giant cockroaches
  4 goblins
  3 hobgoblins
  8 jackals
  11 kobolds
  4 quokkas
  2 ball pythons
  A ball python zombie (D:6)
  8 bats
  5 frilled lizards
  2 jackal skeletons
  2 jackal zombies (D:6)
  A quokka skeleton (D:7)
  2 quokka zombies (D:5)
  2 rats
159 creatures vanquished.

Notes
Turn   | Place    | Note
-------+----------+-------------------------------------------
     0 | D:1      | grindst0ne the Draconian Berserker began the quest for the Orb.
     0 | D:1      | Reached XP level 1. HP: 19/19 MP: 1/1
   117 | D:1      | Reached XP level 2. HP: 15/26 MP: 2/2
   850 | D:2      | Reached XP level 3. HP: 33/33 MP: 3/3
  1422 | D:2      | Reached ** piety under Trog
  1426 | D:2      | Reached skill level 4 in Fighting
  1847 | D:3      | Reached XP level 4. HP: 38/40 MP: 4/4
  2105 | D:3      | Reached XP level 5. HP: 47/47 MP: 5/5
  2495 | D:4      | Noticed Duvessa
  2496 | D:4      | Noticed Dowan
  2510 | D:4      | Killed Duvessa
  2510 | D:4      | Reached skill level 5 in Fighting
  2510 | D:4      | Reached skill level 5 in Long Blades
  2510 | D:4      | Reached XP level 6. HP: 56/56 MP: 6/6
  2515 | D:4      | Killed Dowan
  2644 | D:4      | Noticed oki's ghost (novice OpMo)
  2654 | D:4      | Killed oki's ghost
  2654 | D:4      | Reached skill level 6 in Fighting
  2654 | D:4      | Your scales start taking on a dull iron-grey colour.
  2654 | D:4      | Reached XP level 7. HP: 64/64 MP: 7/7
  2654 | D:4      | Gained mutation: You can survive without breathing. [Grey Draconian growth]
  2772 | D:4      | Found a glowing golden altar of the Shining One.
  2775 | D:4      | Noticed an angel
  3003 | D:4      | Found a glowing silver altar of Zin.
  3227 | D:4      | Reached *** piety under Trog
  3378 | D:4      | Found a basalt altar of Yredelemnul.
  3381 | D:4      | Noticed a profane servitor
  3765 | D:5      | Entered Level 5 of the Dungeon
  3791 | D:5      | Reached skill level 7 in Fighting
  3829 | D:5      | Paralysed by fainting for 7 turns
  4005 | D:5      | Noticed Grinder
  4033 | D:4      | Gained mutation: You are resistant to hostile enchantments. (MR+) [potion of mutation]
  4033 | D:4      | Gained mutation: Your muscles are strong. (Str +2) [potion of mutation]
  4051 | D:4      | Killed Grinder
  4399 | D:5      | Found Viton's Distillery.
  4404 | D:5      | Noticed Blork the orc
  4415 | D:5      | Noticed Ijyb
  4420 | D:5      | Killed Blork the orc
  4420 | D:5      | Reached XP level 8. HP: 66/74 MP: 8/8
  4442 | D:5      | Killed Ijyb
  4509 | D:5      | Bought a potion of mutation for 120 gold pieces
  4509 | D:5      | Bought a potion of mutation for 120 gold pieces
  4509 | D:5      | Lost mutation: You are resistant to hostile enchantments. (MR+) [potion of mutation]
  4509 | D:5      | Gained mutation: Your spells are a little harder to cast, but a little more powerful. [potion of mutation]
  4509 | D:5      | Gained mutation: You are clumsy. (Dex -2) [potion of mutation]
  4509 | D:5      | Gained mutation: You can translocate small distances at will. [potion of mutation]
  4509 | D:5      | Gained mutation: You possess an exceptional clarity of mind. [potion of mutation]
  4510 | D:5      | Lost mutation: Your muscles are strong. (Str +2) [potion of mutation]
  4510 | D:5      | Lost mutation: You are clumsy. (Dex -2) [potion of mutation]
  4510 | D:5      | Gained mutation: Your body sometimes deteriorates upon taking damage. [potion of mutation]
  4510 | D:5      | Gained mutation: You have sharp toenails. [potion of mutation]
  4711 | D:5      | Found a staircase to the Ecumenical Temple.
  4735 | D:5      | Reached skill level 8 in Fighting
  5836 | D:6      | Reached **** piety under Trog
  5850 | D:6      | Reached skill level 9 in Fighting
  5862 | D:6      | Noticed oki's ghost (novice OpMo)
  5882 | D:6      | Killed oki's ghost
  5882 | D:6      | Reached XP level 9. HP: 61/85 MP: 9/9
  5985 | D:6      | Noticed Prince Ribbit
  6333 | D:6      | Killed Prince Ribbit
  6333 | D:6      | Reached skill level 10 in Fighting
  6747 | D:7      | Noticed a troll
  7066 | D:7      | Killed a troll
  7381 | D:7      | Reached skill level 10 in Long Blades
  7619 | D:7      | Found a bloodstained altar of Trog.
  7645 | D:7      | Reached skill level 11 in Fighting
  7924 | D:7      | Noticed grindst0ne's ghost (novice GrGl)
  7935 | D:7      | Killed grindst0ne's ghost
  7935 | D:7      | Reached XP level 10. HP: 96/96 MP: 10/10
  8692 | D:8      | Noticed a two-headed ogre
  8698 | D:8      | HP: 4/97 [orc priest/divine providence (14)]
  8699 | D:8      | Mangled by a two-headed ogre

Vault maps used:
D:1:      mushboom_english_gardens
D:2:      minmay_misc_feat_chi, minivault_4
D:3:      interstate_on_off
D:4:      grunt_temple_overflow_holy_war, old_standard_altar, first_bread,
          uniq_duvessa
D:5:      kennysheep_slugbush, temple_pool_b, serial_shops, shop,
          solitary_fountain, uniq_ijyb, uniq_blork_the_orc, uniq_grinder
D:6:      minmay_tree_intersection, uniq_prince_ribbit1
D:7:      mumra_celtic_spiral_tile, trog_ov_bears_minmay
D:8:      okawaru_ov_weapons_minmay

Skill      XL: |  1  2  3  4  5  6  7  8  9 |
---------------+----------------------------+-----
Long Blades    | 4 5 6 7 9 10 | 10.9
Fighting       | 4 5 6 7 9 11 | 11.6
Dodging        | |  2.6

Action                   |  1- 3 |  4- 6 |  7- 9 | 10-12 || total
-------------------------+-------+-------+-------+-------++-------
Melee: Falchion          |   102 |    71 |   133 |       ||   306
       Tailslap          |    16 |    15 |    78 |     5 ||   114
       Unarmed           |       |    11 |       |       ||    11
       Club              |       |       |   264 |    33 ||   297
       Kick              |       |       |    93 |    15 ||   108
Invok: Berserk           |     2 |     3 |    11 |       ||    16
  Use: Potion            |       |       |     8 |       ||     8
       Scroll            |       |       |    17 |     1 ||    18
 Stab: Sleeping          |       |       |       |     2 ||     2
  Eat: Chunk             |     4 |     5 |    16 |     3 ||    28
       Fruit             |       |       |     4 |       ||     4
       Bread ration      |       |       |     2 |       ||     2
Armor: Skin              |    44 |    17 |   189 |    11 ||   261
Dodge: Dodged            |    70 |    46 |   307 |    15 ||   438
Block: Buckler           |    13 |     7 |   148 |    18 ||   186
       Reflection        |       |       |     5 |       ||     5
       Rpst.: Falchion   |    27 |    10 |    21 |       ||    58
